 Dungeon Crawl Stone Soup version 0.24-a0-139-geb6712d (console) character file.

Game seed: 14054141377438922489

954 Duffy the Chopper (level 8, 73/73 HPs)
             Began as a Naga Gladiator on Mar 1, 2019.
             Quit the game in the Ecumenical Temple.
             The game lasted 00:04:16 (3903 turns).

Duffy the Chopper (Naga Gladiator)                  Turns: 3903, Time: 00:04:17

Health: 73/73      AC:  5    Str: 17    XL:     8   Next: 14%
Magic:  8/8        EV: 11    Int: 10    God:
Gold:   23         SH:  0    Dex: 13    Spells: 7/7 levels left

rFire    . . .     SeeInvis +   a - +0 war axe
rCold    . . .     Gourm    .   (no shield)
rNeg     . . .     Faith    .   b - +0 leather armour
rPois    +         Spirit   .   c - +0 helmet
rElec    .         Reflect  .   (no cloak)
rCorr    .         Harm     .   (no gloves)
MR       +....                  (no barding)
Stlth    +.........             (no amulet)
HPRegen  0.22/turn              (no ring)
MPRegen  0.11/turn              (no ring)

@: very slow
A: large, see invisible, deformed body, poison resistance, slowness 2, slow
metabolism 1, spit poison 1, AC +2
a: Spit Poison


You were in the Ecumenical Temple.
You were hungry.

You visited 2 branches of the dungeon, and saw 8 of its levels.

You collected 23 gold pieces.

Inventory:

Hand Weapons
 a - a +0 war axe (weapon)
Missiles
 d - 4 throwing nets (quivered)
Armour
 b - a +0 leather armour (worn)
 c - a +0 helmet (worn)
 i - a +0 large shield
Scrolls
 e - a scroll of teleportation {unknown}
 h - a scroll of fear {unknown}
 j - 5 scrolls of identify {unknown}
 k - a scroll of remove curse {unknown}
 l - a scroll of enchant armour {unknown}
 m - a scroll of immolation {unknown}
Potions
 g - 2 potions of might {unknown}
 n - a potion of cancellation {unknown}
Comestibles
 f - 3 rations


   Skills:
 + Level 4.3 Fighting
 * Level 6.5 Axes
 + Level 4.0 Throwing
 + Level 4.1 Dodging


You had 7 spell levels left.
You didn't know any spells.
Your spell library was empty.

Dungeon Overview and Level Annotations

Branches:
Dungeon (7/15)             Temple (1/1) D:7

Altars:
Ashenzari
Cheibriados
Dithmenos
Elyvilon
Hepliaklqana
Kikubaaqudgha
Okawaru
Qazlal
Ru
Sif Muna
Trog
Uskayaw
Vehumet
Wu Jian
Xom
Zin

Shops:
D:7 =


Innate Abilities, Weirdness & Mutations

You cannot wear boots.
Your serpentine skin is tough. (AC +2)
You have supernaturally acute eyesight. (SInv)
Armour fits poorly on your strangely shaped body.
Your system is resistant to poisons. (rPois)
You cover ground very slowly.
You have a slow metabolism.
You can spit poison.


Message History

Found a sacrificial altar of Ru.
Found a bloodstained altar of Trog.
Found an iron altar of Okawaru.
There is a bloodstained altar of Trog here.
Done exploring.
Done exploring.
Done exploring.
Done exploring.
Done exploring.
Done exploring.
Done exploring.
Done exploring.
Done exploring.
Done exploring.
Done exploring.
Done exploring.
Done exploring.
Done exploring.
Search for what [? for help]? .
Are you sure you want to abandon this character and quit the game? (Confirm with "yes".) 777

77...............
777..77...............
7........... .#######
7.......... ##.....##
.......... ##.......##
......... #.........#
......#######.........###
.....##@........_._......
....##...................
....#....................
....#....._............._
... #....................
.. #..._................
... #....................
... ##...................
7....
##....................


There were no monsters in sight!

Vanquished Creatures
  An ice beast (D:6)
  An ogre (D:5)
  A centaur (D:5)
  A bullfrog (D:7)
  A crimson imp (D:5)
  A hound (D:4)
  2 jellies
  3 orc wizards
  A gnoll shaman (D:7)
  A bullfrog skeleton (D:7)
  A centaur skeleton (D:4)
  2 orc priests (D:5)
  An iguana (D:6)
  3 worker ants (D:4)
  A hound skeleton (D:5)
  A worker ant zombie (D:6)
  6 gnolls
  3 adders
  A shadow imp (D:6)
  An ooze (D:2)
  A worm (D:2)
  A dart slug (D:5)
  2 leopard geckos
  17 orcs
  A bat (D:3)
  A giant cockroach (D:3)
  A goblin (D:3)
  11 jackals
  A quokka (D:5)
  A frilled lizard (D:2)
  A leopard gecko skeleton (D:6)
  A rat (D:3)
  A fungus (D:7)
73 creatures vanquished.

Notes
Turn   | Place    | Note
-------+----------+-------------------------------------------
     0 | D:1      | Duffy the Naga Gladiator began the quest for the Orb.
     0 | D:1      | Reached XP level 1. HP: 19/19 MP: 1/1
    77 | D:2      | Reached XP level 2. HP: 7/26 MP: 2/2
   483 | D:3      | Reached XP level 3. HP: 24/33 MP: 3/3
   539 | D:4      | Reached XP level 4. HP: 21/40 MP: 4/4
   695 | D:4      | Reached skill level 4 in Axes
   771 | D:4      | Reached XP level 5. HP: 48/48 MP: 5/5
  1125 | D:5      | Entered Level 5 of the Dungeon
  1146 | D:5      | Noticed a centaur
  1425 | D:5      | Killed a centaur
  1425 | D:5      | Reached XP level 6. HP: 56/56 MP: 6/6
  1570 | D:3      | Found a radiant altar of Vehumet.
  1721 | D:5      | Reached skill level 5 in Axes
  1883 | D:5      | Reached XP level 7. HP: 17/62 MP: 7/7
  2433 | D:6      | Found a bloodstained altar of Trog.
  2900 | D:5      | Reached skill level 6 in Axes
  3203 | D:7      | Reached XP level 8. HP: 49/72 MP: 8/8
  3330 | D:7      | Found a white marble altar of Elyvilon.
  3681 | D:7      | Found Huqehid's Jewellery Shoppe.
  3821 | D:7      | Found a staircase to the Ecumenical Temple.
  3830 | Temple   | Entered the Ecumenical Temple
  3903 | Temple   | Quit the game

Levels and vault maps discovered:
D:1:      dpeg_arrival_line_fractal, layout_basic
D:2:      layout_basic, makhleb_heckhound_becter
D:3:      layout_basic, vehumet_crystals, nicolae_tso_swordbearing_angel
D:4:      layout_layer_cave, first_ration
D:5:      layout_basic
D:6:      layout_rooms, lemuel_statue_altar
D:7:      layout_rooms, kennysheep_ying_yang, old_standard_altar,
          minmay_temple_entry_statues_pillars, serial_shops, shop_fountains,
          elyvilon_altar_1, uniq_joseph
Temple:   nicolae_temple_great_sept

Skill      XL: |  1  2  3  4  5  6  7  8 |
---------------+-------------------------+-----
Throwing       | 2 3 4 |  4.0
Axes           | 4 5 6 |  6.5
Dodging        | 3 4 |  4.1
Fighting       | 3 4 |  4.3

Action                   |  1- 3 |  4- 6 |  7- 9 || total
-------------------------+-------+-------+-------++-------
Melee: War axe           |    42 |   106 |   132 ||   280
 Abil: Spit Poison       |     3 |    11 |     2 ||    16
 Stab: Sleeping          |       |       |     1 ||     1
  Eat: Chunk             |       |     3 |     4 ||     7
Armor: Leather armour    |    30 |    27 |    37 ||    94
Dodge: Dodged            |    29 |    80 |   104 ||   213

Table legend:
 A = Non-vault XP
 B = Vault XP
 C = Vault XP percentage of total XP
 D = Non-vault monster count
 E = Vault monster count
 F = Vault count percentage of total count
                 A         B        C        D         E       F
            +---------+---------+-------+---------+---------+-------
      Total |    1363 |       0 |   0.0 |      72 |       0 |   0.0
            +---------+---------+-------+---------+---------+-------
        D:2 |      13 |       0 |   0.0 |       3 |       0 |   0.0
        D:3 |      28 |       0 |   0.0 |       9 |       0 |   0.0
        D:4 |     240 |       0 |   0.0 |      10 |       0 |   0.0
        D:5 |     568 |       0 |   0.0 |      31 |       0 |   0.0
        D:6 |     264 |       0 |   0.0 |      11 |       0 |   0.0
        D:7 |     250 |       0 |   0.0 |       8 |       0 |   0.0
            +---------+---------+-------+---------+---------+-------
